 Dungeon Crawl Stone Soup version 0.31-a0-851-g7ff8af7976 (webtiles) character file.

Game seed: 3883420588522756551

12 night the Firebug (level 2, -1/20 HPs)
             Began as a Draconian Fire Elementalist on Oct 5, 2023.
             Slain by a quokka (3 damage)
             ... on level 1 of the Dungeon.
             The game lasted 00:01:32 (327 turns).

night the Firebug (Draconian Fire Elementalist)      Turns: 327, Time: 00:01:32

Health: -1/20      AC:  4    Str: 10    XL:     2   Next: 20%
Magic:  1/5        EV: 12    Int: 15    God:
Gold:   15         SH:  0    Dex: 11    Spells: 2/5 levels left

rFire   . . .        (no weapon)
rCold   . . .        (no shield)
rNeg    . . .        (body armour unavailable)
rPois   .            (helmet restricted)
rElec   .            (no cloak)
rCorr   .            (no gloves)
SInv    .            (no boots)
Will    .....        (no amulet)
Stlth   ++           (no ring)
HPRegen 0.23/turn    (no ring)
MPRegen 0.09/turn

%: no passive effects
@: mighty
A: AC +4, unfitting armour, cold-blooded
a: no special abilities


You were on level 1 of the Dungeon.
You visited 1 branch of the dungeon, and saw 1 of its levels.

You collected 15 gold pieces.

Inventory:

Missiles
 b - 10 stones
Potions
 a - a potion of magic


   Skills:
 - Level 1.7 Dodging
 - Level 1.7 Stealth
 + Level 2.2 Spellcasting
 + Level 1.5 Conjurations
 + Level 3.2 Fire Magic


You had 2 spell levels left.
You knew the following spells:

 Your Spells              Type           Power      Damage    Failure   Level
a - Foxfire               Conj/Fire      32%        2x1d5     9%          1
b - Scorch                Fire           22%        2d5       9%          2

Your spell library contained the following spells:

 Spells                   Type           Power      Damage    Failure   Level
 Inner Flame              Hex/Fire       6%         N/A       32%         3
 Volatile Blastmotes      Fire/Tloc      12%        2d11      32%         3
 Flame Wave               Conj/Fire      8%         2d5       63%         4


Dungeon Overview and Level Annotations

Branches:
Dungeon (1/15)

Altars:


Innate Abilities, Weirdness & Mutations

Your plain brown scales are hard. (AC +4)
You cannot fit into any form of body armour.
You are cold-blooded and may be slowed by cold attacks.


Message History

Unknown command.
The foxfire hits the kobold but does no damage.
The kobold is heavily wounded.
The quokka bites you. x2
Casting: Foxfire (safe; 9% risk of failure)
Confirm with . or Enter, or press ? or * to list all spells.
You conjure some foxfire!
The kobold hits you with a +0 dagger.
* * * LOW HITPOINT WARNING * * *
The quokka barely misses you.
Unknown command.
The foxfire hits the kobold but does no damage.
The kobold is heavily wounded.
The foxfire hits the ball python.
The ball python is moderately wounded.
The kobold attacks as it pursues you! The kobold hits you but does no damage.
The quokka twitches its whiskers.
The quokka misses you.
The ball python attacks as it pursues you!
The ball python bites you but does no damage.
The ball python closely misses you. The ball python bites you.
* * * LOW HITPOINT WARNING * * *
The ball python barely misses you. The quokka attacks as it pursues you!
The quokka bites you but does no damage.
You see here a +0 dagger.
Casting: Foxfire (safe; 9% risk of failure)
Confirm with . or Enter, or press ? or * to list all spells.
You conjure some foxfire!
The quokka barely misses you. The ball python barely misses you.
The ball python misses you. The quokka closely misses you.
Unknown command.
Your foxfire dissipates!
The foxfire hits the ball python.
You kill the ball python!
The quokka attacks as it pursues you! The quokka bites you.
* * * LOW HITPOINT WARNING * * *
It was a potion of might.
You feel very mighty all of a sudden. The quokka bites you.
You die...

###########
###########.........#
#...........#######.#
#...........# #....######
#####...........# #....#....#
....'.....÷.....# #....#....#
#####.........§@# #....#....#
....#.........Kr# #....#....#
.##.#########††.#########^...#
.##.###......................#
................†............#
>........~~~~~.......r~~~.......
#....~~~~~~~~~~~.....~~~~~~.....
..~~~~~~~~≈≈~≈~~~....~~≈≈~~~r...
~.~~~≈≈≈~≈≈≈≈≈≈~~....#####~≈~~..


You could see a quokka and a kobold.

Vanquished Creatures
  A ball python (D:1)
  An endoplasm (D:1)
  A goblin (D:1)
  2 jackals (D:1)
  2 quokkas (D:1)
  2 bats (D:1)
  A frilled lizard (D:1)
  A rat (D:1)
11 creatures vanquished.

Vanquished Creatures (others)
  31 foxfires (D:1)
31 creatures vanquished.

Grand Total: 42 creatures vanquished

Notes
Turn   | Place    | Note
-------+----------+-------------------------------------------
     0 | D:1      | night the Draconian Fire Elementalist began the quest for
                  | the Orb.
     0 | D:1      | Reached XP level 1. HP: 14/14 MP: 3/3
   246 | D:1      | Reached XP level 2. HP: 20/20 MP: 3/5
   258 | D:1      | Learned a level 2 spell: Scorch
   326 | D:1      | HP: 1/20 [quokka (3)]
   327 | D:1      | Slain by a quokka

Illustrated notes

Levels and vault maps discovered:
D:1:      minmay_arrival_shoal_huts, layout_basic,
          hellmonk_ecumenical_altar_watching_god

Action                     || total
---------------------------++-------
  Melee: Unarmed           ||     2
   Cast: Foxfire           ||    18
    Use: Scroll            ||     1
         Potion            ||     1
 Armour: Skin              ||    14
  Dodge: Dodged            ||    12

Table legend: (Time is in decaauts)
 A = Elapsed time spent in this place.
 B = Non-inter-level travel time spent in this place.
 C = Inter-level travel time spent in this place.
 D = Time resting spent in this place.
 E = Time spent auto-exploring this place.
 F = Levels seen in this place.
 G = Mean time per level.
                   A        B        C        D        E       F      G
               +--------+--------+--------+--------+--------+-----+--------+
         Total |    327 |    327 |      0 |     65 |    173 |   1 |  327.0 |
       Dungeon |    327 |    327 |      0 |     65 |    173 |   1 |  327.0 |
               +--------+--------+--------+--------+--------+-----+--------+

Top non-repeatable levels by time:
     D:1: 327 daAuts
